 Dungeon Sprint DCSS version 0.28-a0-476-g0f06bd746f (webtiles) character file.

Game seed: 10324942373177895510

4046 xpp the Unseen (level 10, 0/63 HPs)
             Began as an Octopode Conjurer on Sept 17, 2021.
             Was a Priest of Dithmenos.
             Slain by a red ugly thing (3 damage)
             ... while petrified by a basilisk
             ... in the Dungeon (Sprint V: "Ziggurat Sprint").
             The game lasted 00:08:10 (750 turns).

xpp the Unseen (Octopode Conjurer)                   Turns: 750, Time: 00:08:10

Health: 0/63       AC:  5    Str: 23    XL:     10   Next: 24%
Magic:  15/15      EV:  2    Int: 33    God:    Dithmenos [***...]
Gold:   0          SH:  0    Dex: 24    Spells: 15/16 levels left

rFire   + . .      SeeInvis .   E - +9 rapier of Slow Death {vorpal, *Rage rF+ Str+3}
rCold   . . .      Faith    .   g - +3 kite shield
rNeg    + + +      Spirit   .   (helmet restricted)
rPois   ∞          Reflect  .   (no amulet)
rElec   .          Harm     .   u - ring of flight
rCorr   .          Rampage  .   v - +6 ring of dexterity
Will    .....      Rage     20% w - +6 ring of dexterity Stlth **++++++++NoTele +
                                x - +6 ring of intelligence
HPRegen 0.20/turn               y - +6 ring of intelligence
MPRegen 0.14/turn               z - +6 ring of strength
                                A - +6 ring of strength
                                F - +4 ring of protection

@: petrified, flying, wreathed by umbra
A: almost no armour, amphibious, 8 rings, camouflage 1, gelatinous body 1,
(nimble swimmer 1), tentacles
a: Renounce Religion, Shadow Step


You were in the Dungeon.
You worshipped Dithmenos.
Dithmenos was most pleased with you.
You visited 1 branch

Inventory:

Hand Weapons
 C - a +5 quick blade
 D - the +9 heavy crossbow "Sniper" {vorpal, Acc+∞ SInv}
   (You found it in the Dungeon)

   Any ammunition fired from it inflicts extra damage upon your enemies.
   Any ammunition fired from it never misses its target.
   SInv:      It lets you see invisible.
 E - the +9 rapier of Slow Death (weapon) {vorpal, *Rage rF+ Str+3}
   (You found it in the Dungeon)

   It inflicts extra damage upon your enemies.
   Str:       It affects your strength (+3).
   rF:        It protects you from fire.
   *Rage:     It lets you go berserk by making a melee attack (+20% chance).
Missiles
 B - 1023 bolts
Armour
 g - a +3 kite shield (worn)
Jewellery
 u - a ring of flight (left tentacle)
 v - a +6 ring of dexterity (right tentacle)
 w - a +6 ring of dexterity (on tentacle)
 x - a +6 ring of intelligence (on tentacle)
 y - a +6 ring of intelligence (on tentacle)
 z - a +6 ring of strength (on tentacle)
 A - a +6 ring of strength (on tentacle)
 F - a +4 ring of protection (on tentacle)
Wands
 r - a wand of mindburst (5)
 t - a wand of acid (5)
Scrolls
 f - 4 scrolls of blinking
 i - a scroll of brand weapon
 m - 4 scrolls of amnesia
 n - 7 scrolls of fog
 o - a scroll of holy word
 p - 5 scrolls of identify
 q - 2 scrolls of fear
Potions
 a - 10 potions of curing
 b - 8 potions of heal wounds
 c - 6 potions of haste
 d - 7 potions of magic
 e - a potion of berserk rage
 h - 2 potions of brilliance
 j - 4 potions of resistance
 l - 5 potions of might
Miscellaneous
 k - a lightning rod (4/4)
 G - a lightning rod (4/4)


   Skills:
 + Level 4.0 Fighting
 + Level 6.5 Short Blades
 + Level 11.1 Dodging
 * Level 19.2 Stealth
 + Level 6.2 Shields
 - Level 3.8 Spellcasting
 - Level 11.2 Conjurations
 - Level 1.2 Evocations


You had 15 spell levels left.
You knew the following spells:

 Your Spells              Type           Power      Damage    Failure   Level
a - Magic Dart            Conj           100%       1d8       1%          1

Your spell library contained the following spells:

 Spells                   Type           Power      Damage    Failure   Level
 Searing Ray              Conj           100%       2d8       1%          2
 Dazzling Flash           Conj/Hex       86%        N/A       4%          3
 Fulminant Prism          Conj/Hex       21%        3d13      16%         4
 Iskenderun's Mystic Bla  Conj/Tloc      43%        2d10      16%         4
 Inner Flame              Hex/Fire       6%         N/A       45%         3
 Cause Fear               Hex            3%         N/A       86%         4
 Iron Shot                Conj/Erth      21%        9d5       94%         6
 Blade Hands              Tmut           3%         N/A       99%         5
 Discord                  Hex            3%         N/A       100%        8
 Animate Armour           Summ/Erth      Unusable   N/A       N/A         4

Dungeon Overview and Level Annotations

Branches:
Dungeon (1/1)

Altars:
Ashenzari
Cheibriados
Dithmenos
Elyvilon
Fedhas
Gozag
Hepliaklqana
Kikubaaqudgha
Makhleb
Nemelex Xobeh
Okawaru
Qazlal
Ru
Sif Muna
Trog
Uskayaw
Vehumet
Wu Jian
Xom
Yredelemnul
Zin
The Shining One
Beogh
Jiyva
Lugonu

Annotations:
D 1 transporter


Innate Abilities, Weirdness & Mutations

You cannot wear most types of armour.
You are amphibious.
You can wear up to eight rings at the same time.
Your skin changes colour to match your surroundings (Stealth+).
Your rubbery body absorbs attacks. (AC +1, EV +1)
((You are camouflaged near water. (Stealth+)))
You have tentacles for arms and can constrict up to eight enemies at once.


Message History

Aiming: Corrosive Bolt
Press: ? - help, Shift-Dir - straight line, f - red ugly thing
Aim: a red ugly thing (lightly wounded, 71% to hit)
The bolt of acid hits the basilisk.
The acid corrodes the basilisk!
The basilisk is severely wounded.
The bolt of acid hits the red ugly thing!
The red ugly thing is moderately wounded.
The scorpion changes into a centaur!
The basilisk gazes at you.
You are slowing down.
The white ugly thing basks in the mutagenic energy from its kin and changes!
The hog changes into a blink frog!
Your limbs are stiffening.
Aiming: Corrosive Bolt
Press: ? - help, Shift-Dir - straight line, f/p - red ugly thing
Aim: a red ugly thing (moderately wounded, umbra, 71% to hit)
The bolt of acid hits the basilisk!
You kill the basilisk!
Dithmenos accepts your kill.
The basilisk's shape twists and changes as it dies.
The bolt of acid misses the red ugly thing.
The bolt of acid hits the red ugly thing!
The acid corrodes the red ugly thing!
The red ugly thing is moderately wounded.
You have turned to stone.
The red ugly thing kicks you!
You are engulfed in flames!
You resist. The red ugly thing headbutts you.
You are engulfed in flames!
You resist.
The red ugly thing kicks you but does no damage.
The blink frog hits you! The red ugly thing headbutts you.
You are engulfed in flames!
You resist. The red ugly thing kicks you.
You are engulfed in flames!
You resist.
The blink frog blinks!
The red ugly thing headbutts you!
You are engulfed in flames.
You resist.
* * * LOW HITPOINT WARNING * * *
The red ugly thing kicks you!
* * * LOW HITPOINT WARNING * * *
You are engulfed in flames!
You resist.
* * * LOW HITPOINT WARNING * * *
The red ugly thing headbutts you!
* * * LOW HITPOINT WARNING * * *
You are engulfed in flames.
You resist.
You die...

▓.)©..▓..©..▓▓▓▓▓▓▓
▓▓▓▓▓▓▓▓▓▓▓▓▓▓▓▓▓▓▓
▓..8©8...▓..8©8...▓
▓...))...▓..):=...▓
▓...)....▓..).)...▓
▓........▓........▓
▓........▓..c.....▓
▓.▓....▓.▓.▓uu..▓.▓
▓...©....▓..@©F...▓
▓▓▓▓▓▓▓▓▓▓▓▓▓▓▓▓▓▓▓


You could see 2 ugly things, a blink frog shaped shifter and a centaur shaped
shifter.

Vanquished Creatures
  A vault warden (D)
  A centaur warrior (D)
  3 draconians (D)
  A smoke demon (D)
  A jumping spider (D)
  A tarantella (D)
  A basilisk (shapeshifter) (D)
  A crimson imp (D)
  2 shadow imps (D)
12 creatures vanquished.

Vanquished Creatures (others)
  A boulder beetle (D)
  A vault sentinel (D)
2 creatures vanquished.

Grand Total: 14 creatures vanquished

Notes
Turn   | Place    | Note
-------+----------+-------------------------------------------
     0 | D        | xpp the Octopode Conjurer began the quest for the Orb.
     0 | D        | Reached XP level 1. HP: 11/11 MP: 3/3
     1 | D        | Found a blossoming altar of Fedhas.
     1 | D        | Found the +6 Majin-Bo {vamp, MP+6 Int+6}
     1 | D        | Found the +9 heavy crossbow "Sniper" {vorpal, Acc+∞ SInv}
     1 | D        | Found the +10 dark maul {vorpal}
     1 | D        | Found the +15 Maxwell's patent armour {-Cast -Tele rElec
                  | Will+ rCorr}
     1 | D        | Found the +18 shield of the Gong {rElec rN+ Will+ EV-5}
     1 | D        | Found the +14 obsidian axe {vorpal, Mesm Drain Fly SInv}
     1 | D        | Found the +7 great mace "Firestarter" {inner flame, rF++}
     1 | D        | Found the +6 shillelagh "Devastator" {shatter}
     1 | D        | Found the +11 plutonium sword {Contam Stlth-}
     1 | D        | Found the +8 lance "Wyrmbane" {slay drac, rPois rF+ rC+
                  | AC+3}
     1 | D        | Found the +9 sword of Zonguldrok {reap}
     1 | D        | Found the +13 scythe of Curses {drain, Drain}
     1 | D        | Found the +5 sword of Power {vorpal}
     1 | D        | Found the +7 mace of Variability {chain chaos}
     1 | D        | Found the +7 Singing Sword {vorpal, sonic wave}
     1 | D        | Found the +8 storm bow {elec, penet}
     5 | D        | Found a shimmering blue altar of Sif Muna.
     5 | D        | Found a sacrificial altar of Ru.
     5 | D        | Found a bloodstained altar of Trog.
     5 | D        | Found a stormy altar of Qazlal.
     5 | D        | Found an iron altar of Okawaru.
     5 | D        | Found a sparkling altar of Nemelex Xobeh.
     7 | D        | Found a transporter.
     7 | D        | Found an ancient bone altar of Kikubaaqudgha.
     7 | D        | Found a viscous altar of Jiyva.
     7 | D        | Found a corrupted altar of Lugonu.
     7 | D        | Found a hazy altar of Hepliaklqana.
     7 | D        | Found a burning altar of Makhleb.
     7 | D        | Found an opulent altar of Gozag.
    68 | D        | Became a worshipper of Dithmenos the Shadowed
    73 | D        | Reached skill level 6 in Stealth
    73 | D        | Reached XP level 2. HP: 17/17 MP: 5/5
    88 | D        | Entered arena 2.
    88 | D        | Noticed a jumping spider
    88 | D        | Noticed a tarantella
    88 | D        | Found a transporter.
    90 | D        | Killed a tarantella
    91 | D        | Reached skill level 5 in Dodging
    91 | D        | Reached skill level 7 in Stealth
    91 | D        | Reached XP level 3. HP: 21/21 MP: 5/7
    91 | D        | Reached XP level 4. HP: 27/27 MP: 5/8
    91 | D        | Reached XP level 5. HP: 31/31 MP: 5/9
    92 | D        | Killed a jumping spider
    93 | D        | Reached skill level 1 in Evocations
    93 | D        | Reached XP level 6. HP: 36/36 MP: 5/11
   146 | D        | Entered arena 3.
   146 | D        | Noticed a draconian
   146 | D        | Noticed a draconian
   146 | D        | Noticed a draconian
   146 | D        | Found a transporter.
   155 | D        | Killed a draconian
   155 | D        | Reached * piety under Dithmenos
   156 | D        | Reached skill level 1 in Fighting
   156 | D        | Reached skill level 12 in Stealth
   156 | D        | Reached XP level 7. HP: 27/43 MP: 12/12
   160 | D        | Killed a draconian
   161 | D        | Reached skill level 13 in Stealth
   161 | D        | Reached XP level 8. HP: 20/50 MP: 13/13
   162 | D        | Killed a draconian
   162 | D        | Reached ** piety under Dithmenos
   163 | D        | Reached skill level 15 in Stealth
   386 | D        | Got the +9 rapier of Slow Death {vorpal, *Rage rF+ Str+3}
   389 | D        | Entered arena 4.
   389 | D        | Noticed a vault sentinel
   389 | D        | Noticed a boulder beetle
   389 | D        | Noticed a vault warden
   389 | D        | Noticed a centaur warrior
   389 | D        | Found a transporter.
   400 | D        | Killed a vault sentinel
   401 | D        | Killed a vault warden
   402 | D        | Reached skill level 5 in Short Blades
   402 | D        | Reached skill level 10 in Dodging
   402 | D        | Reached skill level 17 in Stealth
   402 | D        | Reached skill level 5 in Shields
   402 | D        | Reached XP level 9. HP: 57/57 MP: 14/14
   404 | D        | Killed a boulder beetle
   405 | D        | Reached skill level 18 in Stealth
   407 | D        | Killed a centaur warrior
   408 | D        | Reached XP level 10. HP: 24/63 MP: 15/15
   640 | D        | Entered arena 5.
   640 | D        | Noticed a smoke demon
   640 | D        | Found a transporter.
   647 | D        | Killed a smoke demon
   647 | D        | Reached *** piety under Dithmenos
   648 | D        | Reached skill level 19 in Stealth
   741 | D        | Entered arena 6.
   741 | D        | Noticed a red ugly thing
   741 | D        | Noticed a white ugly thing
   741 | D        | Found a transporter.
   750 | D        | HP: 3/63 [red ugly thing (4)]
   750 | D        | Slain by a red ugly thing

Illustrated notes

Levels and vault maps discovered:
D:        sprint_v [room_start, room_1, room_2, room_3, room_4, room_5, room_6,
          room_7, room_8, room_9, room_10, room_11, room_12, room_13, room_14,
          room_15, room_16, room_17, room_18, room_19, room_20, room_21,
          room_22, room_23, room_24, room_25, room_26, room_27]

Skill      XL: |  1  2  3  4  5  6  7  8  9 10 |
---------------+-------------------------------+-----
Dodging        | 4 5 7 8 10 11 | 11.1
Stealth        | 6 7 12 13 17 18 19 | 19.2
Shields        | 4 5 6 |  6.2
Spellcasting   | 3 |  3.8
Conjurations   | 8 11 | 11.2
Evocations     | 1 |  1.2
Fighting       | 1 3 4 |  4.0
Short Blades   | 2 5 6 |  6.5

Action                   |  1- 3 |  4- 6 |  7- 9 | 10-12 || total
-------------------------+-------+-------+-------+-------++-------
Melee: Quick blade       |       |     3 |     7 |       ||    10
       Tentacles         |       |     2 |    11 |     2 ||    15
       Constrict         |       |     1 |     3 |     1 ||     5
       Rapier            |       |       |     8 |     5 ||    13
Invok: Shadow Step       |       |       |       |     1 ||     1
Evoke: Wand              |     2 |     4 |     2 |     3 ||    11
  Use: Potion            |     1 |     2 |     4 |       ||     7
 Stab: Invisible         |       |     2 |     3 |       ||     5
       Sleeping          |       |       |       |     1 ||     1
Armor: Skin              |       |       |       |     1 ||     1
Dodge: Dodged            |     1 |     4 |    11 |     2 ||    18
Block: Kite shield       |     1 |     5 |    11 |     4 ||    21

Table legend: (Time is in decaauts)
 A = Elapsed time spent in this place.
 B = Non-inter-level travel time spent in this place.
 C = Inter-level travel time spent in this place.
 D = Time resting spent in this place.
 E = Time spent auto-exploring this place.
 F = Levels seen in this place.
 G = Mean time per level.
                   A        B        C        D        E       F      G
               +--------+--------+--------+--------+--------+-----+--------+
         Total |    782 |    782 |      0 |    600 |      0 |   1 |  782.0 |
       Dungeon |    782 |    782 |      0 |    600 |      0 |   1 |  782.0 |
               +--------+--------+--------+--------+--------+-----+--------+

Top non-repeatable levels by time:
       D: 782 daAuts
